AoeStats
← CC

Arabia

509776551Analyzed
2v2 RM · 5d ago on Sep 28, 2026· 46m 19s· 4 players
Game mode
Random Map
Map size
Medium (4 player)
Population
200
Speed
Normal
Resources
Standard
Victory
Conquest
Starting age
Dark Age
Ending age
Imperial Age
RankedLock teamsTeams togetherTeam positionsShared explorationLock speedFull tech treeHidden civsTurbo modeCheats
Victory
Defeat
🇺🇸 Armenians · United States
954
+13
🇺🇸 Spanish · United States
945
+13
🇺🇸 Teutons · United States
893
-13
🇺🇸 Burgundians · United States
893
-13
CC
12:36 Feudal Age
17:04 Fletching
17:14 Padded Archer Armor
21:35 Castle Age
20:09 Fletching
21:01 Padded Archer Armor
22:14 Crossbowman
22:46 Horse Collar
22:53 Double-Bit Axe
30:11 Elite Skirmisher
32:15 Wheelbarrow
35:37 Imperial Age
33:21 Heavy Plow
33:33 Bow Saw
34:55 Town Watch
36:18 Bodkin Arrow
36:39 Leather Archer Armor
36:35 Forging
38:08 Conscription
37:41 Capped Ram
44:02 Ballistics
44:42 Chemistry
RJP
2:45 Loom
10:44 Feudal Age
12:03 Wheelbarrow
11:50 Town Watch
24:24 Castle Age
23:27 Double-Bit Axe
23:25 Horse Collar
23:38 Gold Mining
23:40 Stone Mining
24:27 Pikeman
25:10 Squires
26:33 Stone Shaft Mining
27:27 Scale Mail Armor
29:15 Bow Saw
31:13 Padded Archer Armor
31:03 Fletching
37:54 Elite Skirmisher
40:22 Bloodlines
40:31 Leather Archer Armor
41:38 Hand Cart
41:28 Bodkin Arrow
GatorDan65
6:53 Loom
10:10 Feudal Age
11:35 Double-Bit Axe
13:24 Horse Collar
15:09 Bloodlines
17:16 Fletching
18:56 Scale Barding Armor
24:16 Castle Age
24:09 Padded Archer Armor
24:31 Gold Mining
26:55 Leather Archer Armor
26:59 Heavy Plow
32:56 Wheelbarrow
37:52 Imperial Age
36:17 Hand Cart
35:48 Town Watch
38:20 Bow Saw
39:02 Bodkin Arrow
39:38 Ring Archer Armor
39:29 Chain Barding Armor
39:40 Elite Conquistador
40:41 Supremacy
40:43 Conscription
40:59 Inquisition
42:33 Chemistry
41:53 Ballistics
43:40 Bracer
45:22 Plate Barding Armor
46:27 Hoardings
45:23 Sappers
Samwise
12:20 Feudal Age
13:42 Man-at-Arms
14:49 Arson
15:23 Long Swordsman
23:52 Castle Age
23:20 Double-Bit Axe
24:45 Two-Handed Swordsman
25:31 Squires
26:31 Town Watch
27:06 Scale Mail Armor
27:16 Forging
31:40 Horse Collar
34:23 Iron Casting
34:36 Wheelbarrow
44:26 Bow Saw
44:07 Gold Mining
44:08 Stone Mining
45:36 Chain Mail Armor
47:21 Gold Shaft Mining
46:16 Champion
Connection lost

Rejoining the realm…

Still unreachable

The connection could not be restored.

Session expired

The server has moved on; the page needs a fresh start.